 Dungeon Crawl Stone Soup version 0.20-a0-40-gb6e7b4f (webtiles) character file.

983 Faca the Covered (level 8, -4/51 HPs)
             Began as a Gargoyle Fighter on Nov 11, 2016.
             Was a Believer of Okawaru.
             Killed from afar by an orc warrior (11 damage)
             ... with a wand of flame (?/48)
             ... on level 5 of the Dungeon.
             The game lasted 00:31:27 (3972 turns).

Faca the Covered (Gargoyle Fighter)                 Turns: 3972, Time: 00:31:28

Health: -4/51      AC: 17    Str: 21    XL:     8   Next: 17%
Magic:  8/8        EV:  6    Int:  9    God:    Okawaru [**....]
Gold:   120        SH: 10    Dex: 10    Spells: 0 memorised, 7 levels left

rFire  . . .     SeeInvis .     a - +0 flail
rCold  . . .     Gourm    .     u - +0 chain mail
rNeg   + . .     Faith    +     c - +0 shield
rPois  ∞         Spirit   .     q - +1 hat
rElec  +         Reflect  .     (no cloak)
rCorr  .         Harm     .     (no gloves)
MR     .....                    h - +0 pair of boots
Stlth  ..........               o - amulet of faith
                                (no ring)
                                (no ring)

@: no status effects
A: negative energy resistance 1, electricity resistance, unbreathing,
petrification resistance, rot immunity, AC +5
a: Heroism, Renounce Religion


You were on level 5 of the Dungeon.
You worshipped Okawaru.
Okawaru was pleased with you.
You were not hungry.

You visited 2 branches of the dungeon, and saw 6 of its levels.

You collected 250 gold pieces.
You spent 130 gold pieces at shops.

Inventory:

Hand Weapons
 a - a +0 flail (weapon)
Armour
 c - a +0 shield (worn)
 h - a +0 pair of boots (worn)
 q - a +1 hat (worn)
 u - a +0 chain mail (worn)
Jewellery
 o - an amulet of faith (around neck)
Scrolls
 r - a scroll of teleportation
 t - 2 scrolls of identify
Potions
 b - a potion of beneficial mutation {unknown}
 d - a potion of might
 e - a potion of heal wounds
 g - 2 potions of agility {unknown}
 i - a potion of haste {unknown}
 j - a potion of flight {unknown}
 k - 4 potions of curing {unknown}
 m - 2 potions of lignification {unknown}
Books
 s - a book of Minor Magic

   Spells                             Type                      Level
   a - Magic Dart                     Conjuration                  1
   b - Blink                          Translocation                2
   c - Call Imp                       Summoning                    2
   d - Repel Missiles                 Charms/Air                   2
   e - Slow                           Hexes                        2
   f - Conjure Flame                  Conjuration/Fire             3
   g - Mephitic Cloud                 Conjuration/Poison/Air       3
 v - a book of Callings

   Spells                             Type                      Level
   a - Summon Small Mammal            Summoning                    1
   b - Call Imp                       Summoning                    2
   c - Call Canine Familiar           Summoning                    3
   d - Summon Guardian Golem          Hexes/Summoning              3
   e - Summon Lightning Spire         Summoning/Air                4
   f - Summon Ice Beast               Ice/Summoning                4
Comestibles
 f - 3 bread rations
 l - a fruit
 n - 2 meat rations
 p - 2 beef jerkies


   Skills:
 + Level 5.9 Fighting
 + Level 4.8 Maces & Flails
 + Level 6.1 Armour
 + Level 5.9 Shields


You had 7 spell levels left.
You didn't know any spells.

Dungeon Overview and Level Annotations

Branches:
Dungeon (5/15)             Temple (1/1) D:4

Altars:
Ashenzari
Cheibriados
Dithmenos
Fedhas
Hepliaklqana
Nemelex Xobeh
Okawaru
Qazlal
Ru
Sif Muna
Trog
Uskayaw
Xom
Yredelemnul
Zin
The Shining One

Shops:
D:4 [   D:5 *


Innate Abilities, Weirdness & Mutations

You are resistant to torment.
Your stone body is resilient. (AC +5)
You are immune to poison.
You resist negative energy. (rN+)
You are resistant to electric shocks. (rElec)
You can survive without breathing.
You are immune to petrification.
You are immune to rotting.


Message History

The scorpion stings you but does no damage.
You block the scorpion's attack.
You sock the scorpion!
You kill the scorpion!
Okawaru accepts your kill.
An orc warrior comes into view. It is wielding a dire flail.
The orc warrior shouts!
You hear a shout!
An orc comes into view. It is wielding a hand axe.
The orc shouts!
The orc warrior zaps a wand.
The puff of flame hits you!
It is a wand of flame (?/48).
You block the orc warrior's attack.
An orc comes into view. It is wielding a dagger.
You closely miss the orc warrior.
The orc warrior hits you with a dire flail!!
The orc warrior hits you with a dire flail!
* * * LOW HITPOINT WARNING * * *
You closely miss the orc warrior.
The orc warrior zaps a wand.
The puff of flame hits you!
You die...

#........>.......
#.#######.#####.. . #.#
#.# ... #.##### #.#
#....
#.....###.###......
#####.#.....†......
#.#.#.###......
#.#.#.##########
#.#.#.##@o.......#.###
#.#.#.##.#######.#......
#.#......o..o...........
#.######.#.o...#.#.#..##
#########.#
#.#.##..........#
#.......#.#
#.#.............#
#.#####.#.#
#.#.............#
#.#####.#.#
#.#........<....#
..........###
#.#.............#.


You could see an orc warrior and an orc.

Vanquished Creatures
  A sky beast (D:5)
  A phantom (D:4)
  An ogre (D:4)
  4 scorpions
  A crimson imp (D:5)
  An orc priest (D:5)
  2 centaur skeletons (D:5)
  A hound (D:4)
  A bullfrog skeleton (D:4)
  3 orc wizards
  Ijyb (D:2)
  3 iguanas
  2 gnolls (D:4)
  8 adders
  An ooze (D:4)
  An adder zombie (D:5)
  3 adder skeletons (D:4)
  2 worms
  2 dart slugs
  2 leopard geckos
  8 orcs
  A giant cockroach (D:1)
  5 goblins
  6 hobgoblins
  5 jackals
  4 kobolds
  5 bats
  4 rats
79 creatures vanquished.

Notes
Turn   | Place    | Note
-------+----------+-------------------------------------------
     0 | D:1      | Faca the Gargoyle Fighter began the quest for the Orb.
     0 | D:1      | Reached XP level 1. HP: 14/14 MP: 1/1
   176 | D:1      | Reached XP level 2. HP: 19/19 MP: 2/2
   636 | D:2      | Reached XP level 3. HP: 24/24 MP: 3/3
   675 | D:2      | Noticed Ijyb
   706 | D:2      | Killed Ijyb
   706 | D:2      | Reached XP level 4. HP: 28/29 MP: 4/4
   746 | D:2      | Reached skill level 4 in Armour
  1033 | D:3      | Found a blossoming altar of Fedhas.
  1694 | D:4      | Reached XP level 5. HP: 30/33 MP: 5/5
  1823 | D:4      | Found Wusasozo's Armour Shop.
  1986 | D:4      | Found a staircase to the Ecumenical Temple.
  1991 | Temple   | Entered the Ecumenical Temple
  2095 | Temple   | Became a worshipper of Warmaster Okawaru
  2224 | D:4      | Reached XP level 6. HP: 23/39 MP: 6/6
  2396 | D:4      | Noticed a phantom
  2504 | D:4      | Killed a phantom
  2504 | D:4      | Reached * piety under Okawaru
  2504 | D:4      | Reached skill level 5 in Armour
  2666 | D:4      | Reached skill level 5 in Fighting
  2666 | D:4      | Reached skill level 5 in Shields
  2666 | D:4      | Reached XP level 7. HP: 17/44 MP: 7/7
  3245 | D:5      | Entered Level 5 of the Dungeon
  3322 | D:5      | Reached ** piety under Okawaru
  3487 | D:5      | Found Cuphefuab's Assorted Antiques.
  3515 | D:5      | Bought a steel ring for 130 gold pieces
  3680 | D:5      | Reached XP level 8. HP: 47/51 MP: 8/8
  3735 | D:5      | Reached skill level 6 in Armour
  3972 | D:5      | Killed from afar by an orc warrior

Vault maps used:
D:1:      dpeg_arrival_arbitrary_b, hangedman_decor_opposing
D:2:      uniq_iyjb
D:3:      fedhas_altar_3
D:4:      first_bread, serial_shops, nicolae_shop_statue_plus
D:5:      serial_shops, shop, columned_hall_lemuel, grunt_ministairs_12
Temple:   roderic_octagonal_lattice_temple

Skill      XL: |  1  2  3  4  5  6  7  8 |
---------------+-------------------------+-----
Fighting       | 4 5 |  5.9
Armour         | 4 5 6 |  6.1
Shields        | 4 5 |  5.9
Maces & Flails | 3 4 |  4.8

Action                   |  1- 3 |  4- 6 |  7- 9 || total
-------------------------+-------+-------+-------++-------
Melee: Flail             |   105 |   231 |   159 ||   495
  Use: Scroll            |     1 |     5 |       ||     6
       Potion            |       |     1 |       ||     1
  Eat: Bread ration      |       |     2 |       ||     2
       Fruit             |       |     1 |       ||     1
       Meat ration       |       |       |     1 ||     1
Armor: Scale mail        |    81 |   179 |    14 ||   274
       Chain mail        |       |       |    65 ||    65
Dodge: Dodged            |    36 |    69 |    35 ||   140
Block: Shield            |    58 |   137 |    67 ||   262
